 Dungeon Crawl Stone Soup version 0.28.0 (webtiles) character file.

Game seed: 10625368114883064088

547 AmazingTV the Bolt Thrower (level 7, -5/59 HPs)
             Began as a Minotaur Hunter on June 21, 2022.
             Slain by a scorpion (9 damage)
             ... on level 5 of the Dungeon.
             The game lasted 00:12:07 (3279 turns).

AmazingTV the Bolt Thrower (Minotaur Hunter)        Turns: 3279, Time: 00:12:08

Health: -5/59      AC:  3    Str: 17    XL:     7   Next: 7%
Magic:  6/6        EV: 12    Int:  8    God:
Gold:   148        SH:  0    Dex: 12    Spells: 6/6 levels left

rFire   . . .      SeeInvis .   b - +0 short sword
rCold   . . .      Faith    .   (no shield)
rNeg    . . .      Spirit   .   c - +0 leather armour
rPois   .          Reflect  .   (helmet restricted)
rElec   .          Harm     .   (no cloak)
rCorr   .          Rampage  .   (no gloves)
Will    .....                   (no boots)
Stlth   ++........              (no amulet)
HPRegen 0.19/turn               (no ring)
MPRegen 0.10/turn               (no ring)

@: no status effects
A: horns 2, retaliatory headbutt
a: no special abilities


You were on level 5 of the Dungeon.
You visited 1 branch of the dungeon, and saw 5 of its levels.

You collected 148 gold pieces.

Inventory:

Hand Weapons
 a - a +1 hand crossbow
 b - a +0 short sword (weapon)
 d - a +0 dagger
 i - a +0 short sword
Missiles
 j - 29 bolts
Armour
 c - a +0 leather armour (worn)
Magical Staves
 o - a staff of fire
Wands
 g - a wand of flame (9)
 p - a wand of iceblast (8)
Scrolls
 e - 5 scrolls of identify {unknown}
 f - 2 scrolls of enchant armour {unknown}
 h - 2 scrolls of vulnerability {unknown}
 l - a scroll of magic mapping {unknown}
 m - a scroll of fog
 q - a scroll of enchant weapon {unknown}
 s - a scroll of amnesia {unknown}
 t - 4 scrolls of noise {unknown}
Potions
 n - a potion of mutation {unknown}
 r - 2 potions of might {unknown}


   Skills:
 + Level 4.2 Fighting
 + Level 3.1 Short Blades
 + Level 5.5 Crossbows
 + Level 3.8 Dodging
 * Level 4.0 Stealth


You had 6 spell levels left.
You didn't know any spells.
Your spell library contained the following spells:

 Spells                   Type           Power      Damage    Failure   Level
 Magic Dart               Conj           0%         1d3       47%         1
 Searing Ray              Conj           0%         2d4       63%         2
 Fulminant Prism          Conj/Hex       0%         3d6       99%         4


Dungeon Overview and Level Annotations

Branches:
Dungeon (5/15)
 Temple: D:4-7

Altars:
Trog

Shops:
D:2 *


Innate Abilities, Weirdness & Mutations

You have a pair of horns on your head.
You reflexively headbutt those who attack you in melee.


Message History

You feel very sick. The scorpion misses you.
You closely miss the scorpion. Your headbutt misses the scorpion.
The scorpion is lightly wounded.
You feel very sick. The scorpion stings you.
* * * LOW HITPOINT WARNING * * *
* * * LOW HITPOINT WARNING * * *
You feel very sick.
* * * LOW HITPOINT WARNING * * *
You feel sick. The scorpion misses you.
Sorry, you're not good enough to have a special ability.
It was a potion of curing.
You feel better. The scorpion closely misses you. You furiously retaliate!
You headbutt the scorpion. The white imp gestures at you.
The puff of frost misses you.
The white imp sputters.
The scorpion stings you.
* * * LOW HITPOINT WARNING * * *
You are poisoned.
The scorpion poisons you!
You feel sick.
You feel sick.
You feel sick. The white imp gestures at you. The puff of frost misses you.
You feel sick.
The white imp shouts, "Relinquish hope, thou pox-marked saucy crab-lanthorn!"
The scorpion stings you!
* * * LOW HITPOINT WARNING * * *
There is a large open door, spattered with blood here.
You feel better. The scorpion stings you.
* * * LOW HITPOINT WARNING * * *
There is a large open door here.
As you read the scroll labelled XAKHLY MIRENA, it crumbles to dust.
The scroll dissolves into smoke.
It was a scroll of fog.
The scorpion stings you.
* * * LOW HITPOINT WARNING * * *
The scorpion stings you!
You die...

........ ........ #######
......... #.....####........
#.....##........#.
#############§§...##).......#.
.###.........Z##§§...##........#.
...'.....{...{5s§....''..........
..##.........§##@§...##..........
.. #..........##.§...##..........
.. #..........##.....##.........#
.. #..........##[....##.........#
.. #..........################...
.. ############ #... .. #... ###+
..


You could see a scorpion and a white imp.

Vanquished Creatures
  2 ogres
  A phantom (D:4)
  2 scorpions (D:4)
  An orc priest (D:5)
  A centaur skeleton (D:5)
  An orc wizard (D:3)
  3 adders
  An ufetubus (D:5)
  3 worms
  A dart slug (D:3)
  6 orcs
  3 endoplasms
  A giant cockroach (D:2)
  7 goblins
  7 hobgoblins
  8 jackals
  7 kobolds
  A quokka (D:4)
  4 ball pythons (D:3)
  4 bats
  3 frilled lizards
  2 rats
69 creatures vanquished.

Vanquished Creatures (others)
  A plant (D:4)
1 creature vanquished.

Grand Total: 70 creatures vanquished

Notes
Turn   | Place    | Note
-------+----------+-------------------------------------------
     0 | D:1      | AmazingTV the Minotaur Hunter began the quest for the Orb.
     0 | D:1      | Reached XP level 1. HP: 18/18 MP: 0/0
    34 | D:1      | You fall into a shaft and drop 1 floor!
    37 | D:2      | Reached skill level 1 in Stealth
    54 | D:2      | Found Mocoupty's General Store.
   106 | D:2      | Reached XP level 2. HP: 25/25 MP: 1/1
   433 | D:3      | Reached XP level 3. HP: 30/30 MP: 2/2
   470 | D:3      | Reached skill level 1 in Short Blades
   491 | D:3      | Noticed an ogre
   680 | D:3      | Killed an ogre
   681 | D:3      | Reached XP level 4. HP: 32/38 MP: 3/3
   782 | D:3      | Reached XP level 5. HP: 43/45 MP: 4/4
  1693 | D:4      | Reached skill level 5 in Crossbows
  1947 | D:4      | Reached XP level 6. HP: 43/52 MP: 5/5
  2364 | D:4      | Found a bloodstained altar of Trog.
  2874 | D:5      | Entered Level 5 of the Dungeon
  3186 | D:5      | Reached XP level 7. HP: 52/59 MP: 6/6
  3275 | D:5      | HP: 2/59 [scorpion (7)]
  3279 | D:5      | Slain by a scorpion

Illustrated notes

Levels and vault maps discovered:
D:1:      dpeg_arrival_line_fractal, layout_loops_ring,
          shapermc_ecumenical_altar_petra
D:2:      cheibrodos_old_hovel, layout_rooms, serial_shops,
          nicolae_shop_temple_entry_statues_fountains, minmay_hexomino_p4
D:3:      layout_loops_ring, chequers_serial_rivers_micro_b, minmay_diced_spiral
D:4:      corexii_shack_village, layout_loops_ring,
          lemuel_coloured_pillars_altar
D:5:      layout_basic, nicolae_vehumet_altar_sigil, uniq_ijyb

Skill      XL: |  1  2  3  4  5  6  7 |
---------------+----------------------+-----
Stealth        | 1 2 3 4 |  4.0
Short Blades   | 1 2 3 |  3.1
Fighting       | 3 4 |  4.2
Dodging        | 3 |  3.8
Crossbows      | 5 |  5.5

Action                   |  1- 3 |  4- 6 |  7- 9 || total
-------------------------+-------+-------+-------++-------
Melee: Short sword       |     4 |    64 |     5 ||    73
       Headbutt          |       |     9 |       ||     9
 Fire: Hand crossbow     |    46 |    50 |     4 ||   100
  Use: Potion            |       |       |     2 ||     2
       Scroll            |       |       |     1 ||     1
 Stab: Sleeping          |       |     6 |       ||     6
Armor: Leather armour    |     4 |    20 |     1 ||    25
Dodge: Dodged            |    10 |    33 |     6 ||    49
